 Dungeon Crawl Stone Soup version 0.20-a0-939-g04f5055 (webtiles) character file.

17874 nikopol the Cleaver (level 12, -10/108 HPs)
             Began as a Minotaur Berserker on Mar 30, 2017.
             Was an Elder of Trog.
             Killed from afar by a rime drake (24 damage)
             ... with a flash freeze
             ... on level 4 of the Lair of Beasts.
             The game lasted 00:26:21 (12387 turns).

nikopol the Cleaver (Minotaur Berserker)           Turns: 12387, Time: 00:26:22

Health: -10/108    AC: 14    Str: 28    XL:     12   Next: 22%
Magic:  11/11      EV: 17    Int:  4    God:    Trog [****..]
Gold:   862        SH:  0    Dex: 14    Spells: 11/11 levels left

rFire    . . .     SeeInvis .   a - +7 hand axe
rCold    . . .     Gourm    .   (no shield)
rNeg     . . .     Faith    .   G - +4 ring mail
rPois    .         Spirit   .   (helmet restricted)
rElec    .         Reflect  .   f - +0 cloak
rCorr    .         Harm     +   t - +0 pair of gloves
MR       .....                  (no boots)
Stlth    ++........             m - amulet of harm
Regen    0.3/turn               C - +5 ring of strength
MPRegen  0.2/turn               L - ring of stealth

@: no status effects
A: retaliatory headbutt, horns 2
a: Berserk, Trog's Hand, Brothers in Arms, Burn Spellbooks, Renounce Religion


You were on level 4 of the Lair of Beasts.
You worshipped Trog.
Trog was greatly pleased with you.
You were not hungry.

You visited 2 branches of the dungeon, and saw 12 of its levels.

You collected 862 gold pieces.

Inventory:

Hand Weapons
 a - a +7 hand axe (weapon)
 z - a +0 shortbow
Missiles
 h - 333 arrows (quivered)
Armour
 f - a +0 cloak (worn)
 t - a +0 pair of gloves (worn)
 G - a +4 ring mail (worn)
Jewellery
 m - an amulet of harm (around neck)
 C - a +5 ring of strength (left hand)
 L - a ring of stealth (right hand)
Wands
 b - a wand of paralysis (11/24)
 y - a wand of iceblast (6/15)
 J - a wand of flame (26/48)
 N - a wand of polymorph (12/24)
 P - a wand of confusion (31/48)
Scrolls
 e - 10 scrolls of remove curse
 g - 5 scrolls of identify
 i - 4 scrolls of fog {unknown}
 j - 2 scrolls of random uselessness {unknown}
 o - 2 scrolls of recharging {unknown}
 q - 8 scrolls of teleportation {unknown}
 r - 2 scrolls of blinking {unknown}
 u - 2 scrolls of immolation {unknown}
 v - a scroll of noise {unknown}
 w - a scroll of vulnerability {unknown}
 x - 2 scrolls of magic mapping {unknown}
 A - 2 scrolls of enchant weapon {unknown}
 D - a scroll of fear {unknown}
 F - 4 scrolls of enchant armour {unknown}
 O - a scroll of silence {unknown}
Potions
 l - 3 potions of heal wounds
 n - a potion of magic
 p - 3 potions of curing
 s - 2 potions of ambrosia
 B - 3 potions of flight
 E - 2 potions of might {unknown}
 H - a potion of invisibility
 K - a potion of lignification {unknown}
 M - a potion of resistance
 Q - a potion of brilliance {unknown}
Comestibles
 c - 6 bread rations
 d - 4 royal jellies
 k - 7 meat rations
 I - 3 fruits
 R - 13 chunks of flesh


   Skills:
 + Level 10.6 Fighting
 * Level 12.9 Axes
 * Level 10.3 Bows
 + Level 10.2 Armour
 + Level 9.5 Dodging


You had 11 spell levels left.
You didn't know any spells.

Dungeon Overview and Level Annotations

Branches:
Dungeon (8/15)             Temple (0/1) D:6            Lair (4/6) D:8
  Swamp (0/4) Lair:3        Snake (0/4) Lair:2

Altars:
Dithmenos
Okawaru
Trog
Uskayaw
Vehumet
Xom


Innate Abilities, Weirdness & Mutations

You reflexively headbutt those who attack you in melee.
You have a pair of horns on your head.


Message History

The rime drake closely misses you. You furiously retaliate!
You headbutt the rime drake, but do no damage.
The rime drake completely misses you. You furiously retaliate!
You headbutt the rime drake, but do no damage.
Wield which item (- for none, * to show all)? (? for menu, Esc to quit)
a - a +7 hand axe (weapon)
The rime drake barely misses you. You furiously retaliate!
You headbutt the rime drake, but do no damage.
You barely miss the rime drake.
The rime drake is lightly wounded.
The ice encasing you melts away.
You hit the rime drake. Your headbutt misses the rime drake.
The rime drake is moderately wounded.
The rime drake bites you.
* * * LOW HITPOINT WARNING * * *
You hit the rime drake.
The rime drake is moderately wounded.
The rime drake breathes ice at you. The flash freeze hits you!
You die...

#.............#...........
#.........................
#...........(.............
#.........................
..........................
#..#..............##.....
#.#.###(......## P.:. # ##
#k$......# ## ##@......##
#..(....... #.†...(.....
#......((... #........(.
#.........( ......##...
....... #. P...$####


You could see a rime drake.

Vanquished Creatures
  Urug (Lair:2)
  The ghost of anet the Vexing, a novice DEWz of Ashenzari (D:7)
  6 elephants
  4 black mambas
  8 spiny frogs
  A rime drake (Lair:2)
  A komodo dragon (Lair:2)
  11 blink frogs
  Prince Ribbit (D:7)
  A tyrant leech (Lair:3)
  5 dream sheep (Lair:4)
  5 hippogriffs
  Sigmund (D:5)
  A wyvern (Lair:1)
  4 yaks (Lair:1)
  4 spriggans (Lair:2)
  4 basilisks
  A hungry ghost (D:7)
  2 swamp worms (Lair:3)
  4 water moccasins
  2 hell hounds (D:8)
  2 porcupines
  A sky beast (D:5)
  An ice beast (D:6)
  The ghost of nikopol the Skirmisher, an amateur MiBe of Trog (D:3)
  An orc warrior (D:7)
  2 phantoms
  5 ogres
  3 centaurs
  4 crocodiles
  A wyvern zombie (D:7)
  5 bullfrogs
  A gnoll sergeant (D:6)
  2 scorpions
  2 howler monkeys (D:8)
  A centaur zombie (D:5)
  3 crimson imps
  A jelly (D:7)
  A bullfrog zombie (D:7)
  3 hounds
  2 orc priests (D:7)
  4 orc wizards
  A bullfrog skeleton (D:8)
  3 worker ants
  An iguana (D:7)
  2 hound skeletons (D:7)
  3 gnolls (D:6)
  10 adders
  2 shadow imps
  An ooze (D:4)
  An adder zombie (D:5)
  6 worms
  3 dart slugs
  5 leopard geckos
  15 orcs
  5 giant cockroaches
  7 goblins
  4 hobgoblins
  2 jackals (D:2)
  12 kobolds
  A quokka (D:2)
  3 ball pythons
  4 bats
  5 frilled lizards
  A leopard gecko skeleton (D:4)
  A quokka zombie (D:5)
  5 rats
  2 plants (Lair:2)
219 creatures vanquished.

Vanquished Creatures (collateral kills)
  2 blink frogs (Lair:3)
2 creatures vanquished.

Vanquished Creatures (others)
  4 plants (Lair:2)
4 creatures vanquished.

Grand Total: 225 creatures vanquished

Notes
Turn   | Place    | Note
-------+----------+-------------------------------------------
     0 | D:1      | nikopol the Minotaur Berserker began the quest for the Orb.
     0 | D:1      | Reached XP level 1. HP: 19/19 MP: 0/0
   273 | D:1      | Reached XP level 2. HP: 24/27 MP: 1/1
   703 | D:1      | Reached skill level 4 in Axes
   911 | D:2      | Reached XP level 3. HP: 30/33 MP: 2/2
   915 | D:2      | Found a faded altar of an unknown god.
   991 | D:2      | Found an iron altar of Okawaru.
   991 | D:2      | Found a faded altar of an unknown god.
   996 | D:2      | Found a hide-covered altar of Uskayaw.
   998 | D:2      | Found a bloodstained altar of Trog.
   999 | D:2      | Found a faded altar of an unknown god.
  1157 | D:2      | Found a radiant altar of Vehumet.
  1172 | D:2      | Reached ** piety under Trog
  1372 | D:2      | Reached XP level 4. HP: 27/40 MP: 3/3
  2117 | D:3      | Noticed nikopol's ghost (amateur MiBe)
  2123 | D:3      | Killed nikopol's ghost
  2123 | D:3      | Reached XP level 5. HP: 44/47 MP: 4/4
  2828 | D:4      | Noticed a phantom
  2834 | D:4      | Killed a phantom
  2834 | D:4      | Reached skill level 5 in Fighting
  2834 | D:4      | Reached skill level 5 in Axes
  2834 | D:4      | Reached XP level 6. HP: 53/56 MP: 5/5
  3785 | D:5      | Entered Level 5 of the Dungeon
  3785 | D:5      | Noticed Sigmund
  3788 | D:5      | Killed Sigmund
  3788 | D:5      | Reached *** piety under Trog
  3788 | D:5      | Reached skill level 5 in Armour
  3788 | D:5      | Reached XP level 7. HP: 62/62 MP: 6/6
  3839 | D:5      | Reached skill level 5 in Dodging
  3850 | D:5      | Reached skill level 6 in Axes
  4171 | D:5      | You fall through a shaft for 2 floors!
  4204 | D:7      | Noticed anet's ghost (novice DEWz)
  4251 | D:5      | Found a shimmering altar of Xom.
  4439 | D:6      | Found a staircase to the Ecumenical Temple.
  4455 | D:6      | Reached XP level 8. HP: 71/71 MP: 7/7
  5017 | D:5      | Reached skill level 7 in Axes
  5648 | D:6      | Reached skill level 1 in Bows
  5777 | D:7      | Noticed Prince Ribbit
  5812 | D:7      | Killed Prince Ribbit
  6018 | D:7      | Killed anet's ghost
  6018 | D:7      | Reached skill level 8 in Axes
  6018 | D:7      | Reached XP level 9. HP: 79/79 MP: 8/8
  6325 | D:7      | Reached **** piety under Trog
  7122 | D:8      | Reached skill level 9 in Axes
  7174 | D:8      | Found a staircase to the Lair.
  7549 | D:8      | Reached skill level 5 in Bows
  8189 | Lair:1   | Entered Level 1 of the Lair of Beasts
  8192 | Lair:1   | Noticed a black mamba
  8196 | Lair:1   | Killed a black mamba
  8247 | Lair:1   | Reached XP level 10. HP: 81/90 MP: 9/9
  8298 | Lair:1   | Reached skill level 10 in Axes
  8314 | Lair:1   | Found a shadowy altar of Dithmenos.
  8343 | Lair:1   | Received a gift from Trog
  8419 | Lair:1   | Noticed a spiny frog
  8433 | Lair:1   | Killed a spiny frog
  8767 | Lair:1   | Noticed a black mamba
  8774 | Lair:1   | Killed a black mamba
  9061 | Lair:2   | Noticed a spiny frog
  9070 | Lair:2   | Killed a spiny frog
  9122 | Lair:2   | Reached skill level 11 in Axes
  9127 | Lair:2   | Noticed a spiny frog
  9137 | Lair:2   | Killed a spiny frog
  9382 | Lair:2   | Noticed Urug
  9393 | Lair:2   | Reached XP level 11. HP: 74/97 MP: 10/10
  9404 | Lair:2   | Killed Urug
  9962 | Lair:2   | Found a staircase to the Snake Pit.
 10560 | Lair:2   | Reached skill level 12 in Axes
 10720 | Lair:3   | Received a gift from Trog
 10723 | Lair:3   | Reached skill level 10 in Fighting
 11370 | Lair:3   | Found a staircase to the Swamp.
 11825 | Lair:3   | Reached skill level 10 in Armour
 12066 | Lair:4   | Reached XP level 12. HP: 95/107 MP: 11/11
 12069 | Lair:4   | Reached skill level 10 in Bows
 12387 | Lair:4   | Killed from afar by a rime drake

Vault maps used:
D:1:      lightli_arrival_noodles
D:2:      nicolae_overflow_hidden_temple, chequers_temple_overflow_minitemple,
          chequers_ecumenical_altar_simple_redux
D:3:      first_bread, serial_bayou_lagoon_a, dk_noncrumbling_4
D:5:      lemuel_upstairs_altar, uniq_sigmund
D:6:      minmay_temple_entry_glass
D:7:      uniq_prince_ribbit1
D:8:      minmay_lair_entry_lava
Lair:1:   basic_altar
Lair:2:   wad_woods_settlement, minivault_26, uniq_urug
Lair:3:   minmay_swamp_entry_worms, infiniplex_staircase_pool

Skill      XL: |  1  2  3  4  5  6  7  8  9 10 11 12 |
---------------+-------------------------------------+-----
Armour         | 3 4 5 6 7 8 9 10 | 10.2
Axes           | 4 5 6 8 9 11 12 | 12.9
Fighting       | 4 5 6 7 8 9 10 | 10.6
Dodging        | 3 4 5 6 7 8 9 |  9.5
Bows           | 3 5 7 9 10 | 10.3

Action                   |  1- 3 |  4- 6 |  7- 9 | 10-12 || total
-------------------------+-------+-------+-------+-------++-------
Melee: Hand axe          |    72 |    49 |    18 |   220 ||   359
       Headbutt          |    18 |    16 |    27 |    53 ||   114
       War axe           |       |    37 |   107 |       ||   144
 Fire: Shortbow          |       |       |   137 |   166 ||   303
Invok: Berserk           |       |     1 |     3 |     2 ||     6
       Burn Spellbooks   |       |     1 |       |     1 ||     2
       Brothers in Arms  |       |       |       |     1 ||     1
  Use: Scroll            |       |       |     8 |       ||     8
 Stab: Sleeping          |     1 |     1 |       |     1 ||     3
  Eat: Chunk             |     1 |     8 |    16 |    16 ||    41
Armor: Animal skin       |    18 |    18 |       |       ||    36
       Ring mail         |       |       |    36 |    65 ||   101
       Leather armour    |       |       |     5 |       ||     5
Dodge: Dodged            |    51 |    60 |    80 |   128 ||   319
